AoeStats
← Tinkerbells_t.t

Arabia

509826071Analyzed
1v1 RM · 4d ago on Sep 28, 2026· 58m 54s· 2 players
Game mode
Random Map
Map size
Tiny (2 player)
Population
200
Speed
Normal
Resources
Standard
Victory
Conquest
Starting age
Dark Age
Ending age
Imperial Age
RankedLock teamsTeams togetherTeam positionsShared explorationLock speedFull tech treeHidden civsTurbo modeCheats
Victory
Defeat
🇺🇸 Mongols · United States
809
+13
🇦🇺 Sicilians · Australia
752
-13
Tinkerbells_t.t
0:50 Loom
12:02 Feudal Age
14:37 Horse Collar
26:42 Double-Bit Axe
30:53 Arson
31:29 Forging
31:19 Scale Mail Armor
31:29 Forging
36:01 Castle Age
33:48 Town Watch
35:40 Padded Archer Armor
36:48 Wheelbarrow
37:11 Bow Saw
37:42 Squires
37:48 Gold Mining
40:50 Stone Mining
41:46 Iron Casting
41:02 Fletching
42:09 Stone Shaft Mining
42:49 Gold Shaft Mining
42:18 Heavy Plow
43:46 Bodkin Arrow
44:06 Chain Mail Armor
44:32 Elite Skirmisher
50:55 Imperial Age
48:43 Pikeman
54:09 Chain Mail Armor
54:09 Leather Archer Armor
54:37 Leather Archer Armor
55:21 Crop Rotation
56:26 Conscription
gazeintothefuture
9:01 Loom
10:47 Feudal Age
16:49 Castle Age
16:54 Bloodlines
16:33 Double-Bit Axe
16:31 Horse Collar
20:39 Gold Mining
37:08 Wheelbarrow
38:52 Husbandry
38:12 Light Cavalry
40:08 Hand Cart
40:16 Stone Mining
40:49 Bow Saw
42:14 Town Watch
43:00 Town Patrol
43:34 Nomads
46:34 Imperial Age
46:24 Padded Archer Armor
46:15 Fletching
50:11 Gold Shaft Mining
50:13 Stone Shaft Mining
49:33 Elite Mangudai
50:17 Heavy Plow
51:14 Hussar
52:19 Ballistics
52:59 Chemistry
53:20 Bodkin Arrow
53:33 Scale Barding Armor
59:05 Conscription
59:04 Bracer
59:20 Leather Archer Armor
Connection lost

Rejoining the realm…

Still unreachable

The connection could not be restored.

Session expired

The server has moved on; the page needs a fresh start.